 Dungeon Crawl Stone Soup version 0.29.1-12-g30fa7ad0bf (webtiles) character file.

Game seed: 10873255563157243109

14 IcyTea the Covert (level 2, -2/29 HPs)
             Began as a Gnoll Delver on Dec 22, 2022.
             Was an Initiate of Sif Muna.
             Slain by a hobgoblin zombie (3 damage)
             ... in an ossuary.
             The game lasted 00:03:49 (337 turns).

IcyTea the Covert (Gnoll Delver)                     Turns: 337, Time: 00:03:50

Health: -2/29      AC:  4    Str: 11    XL:     2   Next: 41%
Magic:  2/2        EV: 13    Int:  9    God:    Sif Muna [......]
Gold:   24         SH:  0    Dex: 13    Spells: 1/1 levels left

rFire   . . .      SeeInvis .   a - +0 falchion
rCold   . . .      Faith    .   (no shield)
rNeg    . . .      Spirit   .   b - +0 leather armour
rPois   .          Reflect  .   (no helmet)
rElec   .          Harm     .   (no cloak)
rCorr   .          Rampage  .   (no gloves)
Will    .....                   i - +0 pair of boots
Stlth   ++++......              (no amulet)
HPRegen 0.09/turn               (no ring)
MPRegen 0.08/turn               (no ring)

@: about to teleport, marked, hasted, very quick
A: fangs 1, strong nose, distributed training
a: Renounce Religion


You were in an ossuary.
You worshipped Sif Muna.
Sif Muna was noncommittal.
You visited 2 branches of the dungeon, and saw 3 of its levels.
You also visited: Ossuary.

You collected 24 gold pieces.

Inventory:

Hand Weapons
 a - a +0 falchion (weapon)
Armour
 b - a +0 leather armour (worn)
 i - a +0 pair of boots (worn)
Wands
 g - a wand of digging (3)
Scrolls
 c - a scroll of fog
 e - a scroll of fear
 h - 2 scrolls of identify


   Skills:
 + Level 6.5 Fighting
 + Level 0.4 Short Blades
 + Level 4.5 Long Blades
 + Level 0.4 Axes
 + Level 0.4 Maces & Flails
 + Level 0.4 Polearms
 + Level 0.4 Staves
 + Level 0.4 Ranged Weapons
 + Level 0.4 Throwing
 + Level 0.4 Armour
 + Level 4.5 Dodging
 + Level 9.5 Stealth
 + Level 0.4 Shields
 + Level 0.4 Unarmed Combat
 + Level 0.4 Spellcasting
 + Level 0.2 Conjurations
 + Level 0.2 Hexes
 + Level 0.2 Summonings
 + Level 0.2 Necromancy
 + Level 0.2 Translocations
 + Level 0.2 Transmutations
 + Level 0.2 Fire Magic
 + Level 0.2 Ice Magic
 + Level 0.2 Air Magic
 + Level 0.2 Earth Magic
 + Level 0.2 Poison Magic
 + Level 0.5 Invocations
 + Level 0.4 Evocations


You had one spell level left.
You didn't know any spells.
Your spell library was empty.

Dungeon Overview and Level Annotations

Branches:
Dungeon (5/15)             Temple (1/1) D:4         Ossuary (1/1)

Altars:
Ashenzari
Cheibriados
Elyvilon
Fedhas
Gozag
Kikubaaqudgha
Makhleb
Okawaru
Qazlal
Ru
Sif Muna
Trog
Uskayaw
Wu Jian
Yredelemnul
Zin
The Shining One

Shops:
D:4 *


Innate Abilities, Weirdness & Mutations

You have very sharp teeth.
Your uncanny sense of smell can sniff out nearby items.
Your experience applies equally to all skills.


Message History

d - a scroll of summoning
As you read the scroll of summoning, it crumbles to dust.
Wisps of shadow whirl around you...
You hit the mummy but do no damage. The mummy hits you!
Ouch! That really hurt!
* * * LOW HITPOINT WARNING * * *
The mummy barely misses your mummy.
Your centaur zombie hits the mummy but does no damage.
Your centaur zombie barely misses the mummy.
Your gnoll bouda skeleton hits the mummy.
Your centaur zombie hits the mummy.
Your centaur zombie kicks the mummy but does no damage.
Your mummy hits the mummy! You hit the centaur zombie.
The centaur zombie is lightly damaged.
The centaur zombie hits you.
* * * LOW HITPOINT WARNING * * *
The centaur zombie kicks you but does no damage.
Your centaur zombie hits the mummy.
Your centaur zombie kicks the mummy but does no damage.
The mummy hits your orc skeleton.
Your orc skeleton hits the mummy.
Your gnoll bouda skeleton hits the mummy.
Your centaur zombie barely misses the mummy. x2
Your mummy hits the mummy!
The mummy is destroyed!
Sif Muna accepts your kill.
You have reached level 2!
You aren't carrying any potions.
As you read the scroll labelled MOCOELACUM, it crumbles to dust.
You feel strangely unstable.
It was a scroll of teleportation.
The centaur zombie hits you.
* * * LOW HITPOINT WARNING * * *
The centaur zombie closely misses you. The hobgoblin zombie barely misses you.
Your orc skeleton hits the mummy but does no damage.
You hit the hobgoblin zombie.
The hobgoblin zombie is moderately damaged.
The centaur zombie misses you.
The centaur zombie kicks you but does no damage.
The hobgoblin zombie hits you.
You die...

## #
###########.#.#.#
##.MMM.@..........
#...ZZ.ZZ...^^^...
#....Z∩.∩.^^..^...
#............^^...
##.........^.^....
###########.#.#.#
#### #


You could see 2 mummies, a hobgoblin zombie (ally target), a centaur zombie, a
friendly mummy (summoned), a friendly centaur zombie (summoned), a friendly
gnoll bouda skeleton (summoned) and a friendly orc skeleton (summoned).

Vanquished Creatures
  A goblin (D:4)
1 creature vanquished.

Vanquished Creatures (collateral kills)
  A mummy (Ossuary)
1 creature vanquished.

Grand Total: 2 creatures vanquished

Notes
Turn   | Place    | Note
-------+----------+-------------------------------------------
     0 | D:5      | Reached skill level 9 in Stealth
     0 | D:5      | IcyTea the Gnoll Delver began the quest for the Orb.
     0 | D:5      | Reached XP level 1. HP: 23/23 MP: 1/1
     7 | D:5      | Found a blossoming altar of Fedhas.
    19 | D:5      | Found a snail-covered altar of Cheibriados.
    97 | D:4      | Found a staircase to the Ecumenical Temple.
   118 | Temple   | Entered the Ecumenical Temple
   175 | Temple   | Became a worshipper of Sif Muna the Loreminder
   230 | D:4      | Found Puguosk's General Store.
   301 | D:4      | Found a sand-covered staircase.
   323 | Ossuary  | Entered an ossuary
   336 | Ossuary  | Reached XP level 2. HP: 3/29 MP: 2/2
   336 | Ossuary  | HP: 1/29 [centaur zombie (2)]
   337 | Ossuary  | Slain by a hobgoblin zombie

Illustrated notes

Levels and vault maps discovered:
D:4:      layout_basic, minmay_temple_entry_antechambers, serial_shops,
          nicolae_shop_hallway_stairs, nicolae_ossuary_entry_false_entrances
D:5:      cheibrodos_barr_body, layout_gridville,
          mainiacjoe_overflow_catch_the_wave, minivault_11,
          minmay_misc_feat_alley, nicolae_kite_square_tiling_tiny
Temple:   nicolae_temple_bog_church
Ossuary:  ossuary_the_hunt_dpeg

Skill      XL: | |
---------------+-+-----
Stealth        | |  9.5
Fighting       | |  6.5
Short Blades   | |  0.4
Long Blades    | |  4.5
Axes           | |  0.4
Maces & Flails | |  0.4
Polearms       | |  0.4
Staves         | |  0.4
Ranged Weapons | |  0.4
Throwing       | |  0.4
Armour         | |  0.4
Dodging        | |  4.5
Shields        | |  0.4
Unarmed Combat | |  0.4
Spellcasting   | |  0.4
Conjurations   | |  0.2
Hexes          | |  0.2
Summonings     | |  0.2
Necromancy     | |  0.2
Translocations | |  0.2
Transmutations | |  0.2
Fire Magic     | |  0.2
Ice Magic      | |  0.2
Air Magic      | |  0.2
Earth Magic    | |  0.2
Poison Magic   | |  0.2
Invocations    | |  0.5
Evocations     | |  0.4

Action                   || total
-------------------------++-------
Melee: Falchion          ||     4
  Use: Scroll            ||     4
       Potion            ||     1
 Stab: Sleeping          ||     1
Armor: Leather armour    ||     2
Dodge: Dodged            ||     3
